Map: Ulrena

Players

Squirrel

  • Race: Zerg Zerg
  • League: Silver

TTS - Winner!

  • Race: Protoss Protoss

VOD

Have the link to the VOD?

Description

Time

  • Played on: Feb. 23, 2016, 10:46 p.m.
  • Length: 4:55
Show
View Real Time Build Order
Export as new Build Order

Squirrel Zerg 

Build Orders: Pool Only 

Get SALT Encoding   

  12  0:04  Drone  
  13  0:11  Drone  
  14  0:19  Extractor  
  13  0:30  Spawning Pool  
  13  0:33  Drone  
  13  0:36  Drone  
  14  0:45  Overlord  
  14  1:08  Drone x3  
  17  1:16  Queen  
  19  1:23  Zergling x2  
  20  1:30  Zergling x2  
  21  1:38  Metabolic Boost  
  21  1:42  Zergling x2  
  22  1:53  Overlord  
  22  2:12  Zergling x2  
  23  2:16  Zergling x2  
  24  2:27  Zergling x4  
  24  2:28  Zergling x4  
  28  2:45  Zergling x2  
  28  2:49  Zergling x2  
  29  3:01  Zergling x2  
  29  3:03  Overlord x2  
  28  3:14  Zergling x2  
  28  3:24  Zergling x2  
  29  3:27  Zergling x2  
  29  3:32  Zergling x2  
  29  3:33  Zergling x2  
  29  3:34  Zergling x2  
  30  3:51  Zergling x4  
  27  4:00  Zergling x2  
  26  4:04  Zergling x6  
  27  4:15  Zergling x2  
  26  4:29  Zergling x2  
Show
View Real Time Build Order
Export as new Build Order

TTS Protoss - Winner!

Build Orders:  

Get SALT Encoding   

  12  0:06  Probe (Chrono Boost)  
  13  0:16  Probe (Chrono Boost)  
  13  0:19  Pylon  
  14  0:27  Probe (Chrono Boost)  
  15  0:40  Probe (Chrono Boost)  
  15  0:41  Assimilator  
  16  0:50  Gateway  
  16  0:51  Probe (Chrono Boost)  
  17  1:01  Probe (Chrono Boost)  
  18  1:12  Probe (Chrono Boost)  
  18  1:16  Pylon  
  19  1:22  Probe (Chrono Boost)  
  20  1:31  Gateway  
  20  1:33  Probe (Chrono Boost)  
  20  1:37  Cybernetics Core  
  21  1:41  Assimilator  
  21  1:43  Probe (Chrono Boost)  
  21  1:45  Zealot  
  24  1:54  Probe (Chrono Boost)  
  25  1:56  Pylon  
  26  2:10  Pylon  
  26  2:14  Mothership Core (Chrono Boost)  
  27  2:16  Adept (Chrono Boost)  
  27  2:21  Adept (Chrono Boost)  
  31  2:25  Warp Gate  
  31  2:42  Adept  
  32  2:45  Probe (Chrono Boost)  
  32  2:47  Adept  
  35  2:56  Probe (Chrono Boost)  
  36  3:11  Probe (Chrono Boost)  
  37  3:14  Pylon  
  37  3:15  Adept  
  37  3:16  Stargate  
  37  3:19  Adept  
  41  3:35  Pylon  
  41  3:52  Nexus  
  41  4:01  Pylon  
  41  4:02  Oracle (Chrono Boost)  
  44  4:12  Pylon  
  44  4:14  Probe  
  45  4:26  Gateway  
  45  4:27  Probe  
  46  4:32  Adept  
  46  4:33  Adept  
Tags
 
Add a new tag
Caveats
  • Supply blocks, unpowered buildings, or Contaminate may cause inaccurate times.
  • Supply counts are checked every 10 seconds.